 Seeded DCSS version 0.28-a0-1567-g1695149f81 (webtiles) character file.

Game seed: 103 (custom seed)

67 knot the Chopper (level 4, 33/35 HPs)
             Began as a Demonspawn Berserker on Jan 19, 2022.
             Was a Follower of Trog.
             Quit the game on level 2 of the Dungeon.
             The game lasted 00:01:18 (2232 turns).

knot the Chopper (Demonspawn Berserker)             Turns: 2232, Time: 00:01:19

Health: 33/35      AC:  3    Str: 17    XL:     4   Next: 0%
Magic:  4/4        EV: 12    Int: 11    God:    Trog [*.....]
Gold:   96         SH:  0    Dex: 12    Spells: 3/3 levels left

rFire   . . .      SeeInvis .   g - +0 war axe
rCold   . . .      Faith    .   (no shield)
rNeg    . . .      Spirit   .   b - +0 animal skin
rPois   .          Reflect  .   (no helmet)
rElec   .          Harm     .   (no cloak)
rCorr   .          Rampage  .   (no gloves)
Will    .....                   i - +0 pair of boots
Stlth   +.........              (no amulet)
HPRegen 0.11/turn               (no ring)
MPRegen 0.09/turn               (no ring)

@: no status effects
A: claws 2, spiny 1
a: Renounce Religion, Berserk


You were on level 2 of the Dungeon.
You worshipped Trog.
Trog was aware of your devotion.
You visited 1 branch of the dungeon, and saw 2 of its levels.

You collected 96 gold pieces.

Inventory:

Hand Weapons
 g - a +0 war axe (weapon)
Missiles
 a - 44 stones (quivered)
Armour
 b - a +0 animal skin (worn)
 i - a +0 pair of boots (worn)
Scrolls
 c - a scroll of amnesia {unknown}
 f - a scroll of teleportation {unknown}
 h - 2 scrolls of identify {unknown}
 j - a scroll of magic mapping {unknown}
 k - a scroll of blinking {unknown}
Potions
 d - a potion of magic {unknown}
 e - a potion of might {unknown}
 l - a potion of curing {unknown}
 m - a potion of brilliance {unknown}


   Skills:
 - Level 3.0 Fighting
 + Level 4.4 Axes
 - Level 1.7 Armour
 - Level 1.7 Dodging


You had 3 spell levels left.
You didn't know any spells.
Your spell library contained the following spells:

 Spells                   Type           Power      Damage    Failure   Level
 Magic Dart               Conj           0%         1d3       34%         1
 Searing Ray              Conj           0%         2d4       47%         2
 Inner Flame              Hex/Fire       0%         N/A       71%         3
 Cause Fear               Hex            0%         N/A       98%         4
 Fulminant Prism          Conj/Hex       0%         3d6       98%         4
 Discord                  Hex            0%         N/A       100%        8


Dungeon Overview and Level Annotations

Branches:
Dungeon (2/15)

Altars:


Innate Abilities, Weirdness & Mutations

You have very sharp fingernails.
You are partially covered in sharp spines.


Message History

The giant cockroach is severely wounded.
You hit the hobgoblin.
You kill the hobgoblin!
Trog accepts your kill. The giant cockroach barely misses you.
You hit the giant cockroach.
The giant cockroach is almost dead.
The giant cockroach bites you but does no damage. x2
You hit the giant cockroach but do no damage.
The giant cockroach is almost dead.
The giant cockroach closely misses you.
You slash the giant cockroach!
You kill the giant cockroach!
Trog accepts your kill.
No target in view!
No target in view!
You pick up a book of Hexes and begin reading...
You add the spells Inner Flame, Cause Fear and Discord to your library.
Key pressed, stopping explore.
No target in view!
Key pressed, stopping explore.
No target in view!
Key pressed, stopping explore.
No target in view!
No target in view!
No target in view!
No target in view!
No target in view!
A hobgoblin comes into view.
The hobgoblin shouts!
A hobgoblin is nearby!
A hobgoblin is nearby!
The hobgoblin hits you.
You slash the hobgoblin!
You kill the hobgoblin!
Trog accepts your kill.
You have reached level 4!
You feel clever.
Your demonic ancestry asserts itself...
Sharp spines emerge from parts of your body.
Are you sure you want to abandon this character and quit the game? (Confirm with "yes".)

###### ##...## #########.
.....# ##### #. ####.# ###. #.#
#... #.# ###############.#. #.#
#................. #.#
#.#########....... #.# #.#
#.###... #.# #@# #.#####.
####.# #†# #.##.... .....# #.#
#.#.###. ###..######### #.#
#.)# ## #........... ... ##..#
# #
#.##.........#.#.######...## ##
#
#.##.#######.#..........#..###.
###.##.# ##.###.######...#...#
.......###
#...........#.#.##.##


There were no monsters in sight!

Vanquished Creatures
  3 adders (D:2)
  A worm (D:2)
  2 dart slugs
  4 bats
  5 endoplasms
  3 giant cockroaches (D:2)
  3 hobgoblins
  A kobold (D:1)
  4 ball pythons (D:1)
  A frilled lizard (D:2)
  3 goblins
  4 rats
34 creatures vanquished.

Notes
Turn   | Place    | Note
-------+----------+-------------------------------------------
     0 | D:1      | knot the Demonspawn Berserker began the quest for the Orb.
     0 | D:1      | Reached XP level 1. HP: 18/18 MP: 1/1
   215 | D:1      | Reached skill level 3 in Axes
   300 | D:1      | Gained mutation: You have sharp fingernails. [demonic
                  | ancestry]
   300 | D:1      | Reached XP level 2. HP: 24/24 MP: 2/2
  1269 | D:2      | Gained mutation: You have very sharp fingernails. [demonic
                  | ancestry]
  1269 | D:2      | Reached XP level 3. HP: 29/29 MP: 3/3
  1390 | D:2      | Reached skill level 4 in Axes
  1793 | D:2      | Found a faded altar of an unknown god.
  2232 | D:2      | Gained mutation: You are partially covered in sharp spines.
                  | [demonic ancestry]
  2232 | D:2      | Reached XP level 4. HP: 33/35 MP: 4/4
  2232 | D:2      | Quit the game

Illustrated notes

Levels and vault maps discovered:
D:1:      dpeg_arrival_stonehenge_8_columns, layout_basic
D:2:      layout_loops_ring, hellmonk_ecumenical_altar_pennies_from_heaven

Skill      XL: |  1  2  3 |
---------------+----------+-----
Axes           | 3 4 |  4.4
Fighting       | |  3.0
Armour         | |  1.7
Dodging        | |  1.7

Action                   |  1- 3 |  4- 6 || total
-------------------------+-------+-------++-------
Melee: War axe           |    81 |       ||    81
       Hand axe          |     2 |       ||     2
       Punch             |     1 |       ||     1
Invok: Berserk           |     3 |       ||     3
 Stab: Sleeping          |     1 |       ||     1
Armor: Animal skin       |    24 |       ||    24
Dodge: Dodged            |    61 |       ||    61

Table legend: (Time is in decaauts)
 A = Elapsed time spent in this place.
 B = Non-inter-level travel time spent in this place.
 C = Inter-level travel time spent in this place.
 D = Time resting spent in this place.
 E = Time spent auto-exploring this place.
 F = Levels seen in this place.
 G = Mean time per level.
                   A        B        C        D        E       F      G
               +--------+--------+--------+--------+--------+-----+--------+
         Total |   2299 |   2221 |     78 |    598 |   1388 |   2 | 1149.5 |
       Dungeon |   2299 |   2221 |     78 |    598 |   1388 |   2 | 1149.5 |
               +--------+--------+--------+--------+--------+-----+--------+

Top non-repeatable levels by time:
     D:1: 1156 daAuts
     D:2: 1142 daAuts
